 Dungeon Crawl Stone Soup version 0.18.1-50-g88ac8fd (webtiles) character file.

47 Asagix the Ducker (level 3, -3/54 HPs)
             Began as a Troll Berserker on Oct 10, 2016.
             Was a Follower of Trog.
             Slain by Terence
             ... wielding a +0 trident
              (7 damage)
             ... on level 3 of the Dungeon.
             The game lasted 00:06:36 (1119 turns).

Asagix the Ducker (Troll Berserker)                 Turns: 1119, Time: 00:06:37

Health: -3/54      AC:  5    Str: 31    XL:     3   Next: 48%
Magic:  2/2        EV: 10    Int:  3    God:    Trog [*.....]
Gold:   71         SH:  0    Dex:  9    Spells: 0 memorised, 2 levels left

rFire  . . .     SeeInvis .     a - +0 mace
rCold  . . .     Gourm    +     b - +0 animal skin
rNeg   . . .     Faith    .     (no shield)
rPois  .         Spirit   .     (helmet restricted)
rElec  .         Dismiss  .     (no cloak)
rCorr  .         Reflect  .     (gloves unavailable)
SustAt .         Harm     .     (boots unavailable)
MR     .....                    (no amulet)
Stlth  ..........               (no ring)
                                (no ring)

@: berserking, very quick, not resistant to hostile enchantments, extremely
unstealthy
A: unfitting armour, claws 3, fast metabolism 3, gourmand, regeneration 2,
shaggy fur 1, tough skin 2
a: Berserk, Burn Spellbooks, Renounce Religion


You were on level 3 of the Dungeon.
You worshipped Trog.
Trog was aware of your devotion.
You were not hungry.

You visited 1 branch of the dungeon, and saw 3 of its levels.

You collected 71 gold pieces.

Inventory:

Hand Weapons
 a - a +0 mace (weapon)
 g - a +0 trident
Armour
 b - a +0 animal skin (worn)
Scrolls
 f - a scroll of teleportation {unknown}
Potions
 e - 2 potions of lignification {unknown}
Comestibles
 c - 3 bread rations
 d - 6 chunks of flesh


   Skills:
 + Level 2.8 Fighting
 + Level 3.0 Maces & Flails
 + Level 3.1 Dodging


You had 2 spell levels left.
You didn't know any spells.

Dungeon Overview and Level Annotations

Branches:
Dungeon (3/15)

Altars:

Annotations:
D:3 Terence; Zeloya's ghost, amateur KoAE


Innate Abilities, Weirdness & Mutations

You are too large for most types of armour.
You have claws for hands.
Your metabolism is lightning-fast.
You like to eat raw meat.
You heal very quickly.
You are covered in fur (AC +1).
You have very tough skin (AC +2).


Message History

Zeloya's ghost is heavily damaged.
Terence screams, "I want your blood!"
Terence hits you from afar with a trident.
* * * LOW HITPOINT WARNING * * *
Zeloya's ghost wails, "You will never get the ORB!"
Zeloya's ghost points at you and mumbles some strange words.
The zap misses you.
You sock Zeloya's ghost!
Zeloya's ghost is severely damaged.
Terence hits you from afar with a trident!
* * * LOW HITPOINT WARNING * * *
Zeloya's ghost shrieks, "Do you think the gods will protect you?"
Zeloya's ghost gestures at you while chanting.
The zap hits you!
* * * LOW HITPOINT WARNING * * *
You are too berserk!
You barely miss Zeloya's ghost.
Zeloya's ghost is severely damaged.
Terence hits you from afar with a trident!
You die...

###..#.# ..#
#......# #.#..#
.# #.######
#..#... # #.#
....####.. #.#
###..
...#######.#####
###
#........<....#
#######.#####.#
#<# #@#
#######W#
#.....@l###
#.#....g..#
#.##'##...# ..
#...#.....# #..
#...# ....# #.
#...# ##... #.
##'## ..#


You could see Terence, Zeloya's ghost, a giant gecko and a hobgoblin.

Vanquished Creatures
  2 adders
  A worm (D:3)
  A giant gecko (D:1)
  3 orcs (D:3)
  A ball python (D:1)
  A bat (D:1)
  2 goblins (D:1)
  2 hobgoblins (D:1)
  4 kobolds
  A quokka (D:3)
  3 giant newts
  2 rats
23 creatures vanquished.

Notes
Turn   | Place    | Note
--------------------------------------------------------------
     0 | D:1      | Asagix the Troll Berserker began the quest for the Orb.
     0 | D:1      | Reached XP level 1. HP: 22/22 MP: 0/0
   309 | D:1      | Reached XP level 2. HP: 29/29 MP: 1/1
   705 | D:2      | Reached XP level 3. HP: 27/36 MP: 2/2
  1099 | D:3      | Noticed Terence
  1101 | D:3      | Noticed Zeloya's ghost (amateur KoAE)
  1119 | D:3      | Slain by Terence

Skill      XL: |  1  2 |
---------------+-------+-----
Dodging        | 3 |  3.1
Maces & Flails | 3 |  3.0
Fighting       | |  2.8

Action                   || total
-------------------------++-------
Melee: Mace              ||   128
Invok: Berserk           ||     2
  Use: Scroll            ||     1
  Eat: Chunk             ||     8
       Bread ration      ||     1
Armor: Animal skin       ||    60
Dodge: Dodged            ||    76
